 Dungeon Crawl Stone Soup version 0.29-a0-23-ga79f92ac9c (webtiles) character file.

Game seed: 8339888810371815983

140 Jannitor the Vexing (level 5, -14/25 HPs)
             Began as a Spriggan Arcane Marksman on Jan 30, 2022.
             Shot with an arrow by a centaur (15 damage)
             ... on level 3 of the Dungeon.
             The game lasted 00:05:09 (3195 turns).

Jannitor the Vexing (Spriggan Arcane Marksman)      Turns: 3195, Time: 00:05:09

Health: -14/25     AC:  2    Str:  8    XL:     5   Next: 2%
Magic:  8/8        EV: 18    Int: 15    God:
Gold:   98         SH:  0    Dex: 15    Spells: 2/6 levels left

rFire   + . .      SeeInvis +   a - +0 hunting sling
rCold   . . .      Faith    .   (no shield)
rNeg    . . .      Spirit   .   d - +0 robe
rPois   .          Reflect  .   (helmet restricted)
rElec   .          Harm     .   (no cloak)
rCorr   .          Rampage  .   (gloves unavailable)
Will    .....                   (boots unavailable)
Stlth   ++........              (no amulet)
HPRegen 0.08/turn               i - ring of protection from fire
MPRegen 0.11/turn               (no ring)

@: very quick
A: very small, no large weapons, unfitting armour, see invisible, speed 3
a: no special abilities


You were on level 3 of the Dungeon.
You visited 1 branch of the dungeon, and saw 3 of its levels.

You collected 98 gold pieces.

Inventory:

Hand Weapons
 a - a +0 hunting sling (weapon)
 h - a +0 dagger
Missiles
 b - 9 stones (quivered ammo)
 c - 20 sling bullets
 j - 6 curare-tipped darts
Armour
 d - a +0 robe (worn)
 f - an orb of light
Jewellery
 i - a ring of protection from fire (left hand)
Scrolls
 e - a scroll of noise {unknown}
 g - 2 scrolls of fog {unknown}
 n - a scroll of brand weapon {unknown}
 o - a scroll of vulnerability {unknown}
Potions
 k - 2 potions of heal wounds {unknown}
 l - a potion of curing {unknown}
 m - a potion of degeneration {unknown}


   Skills:
 + Level 1.5 Fighting
 * Level 4.2 Slings
 + Level 3.7 Dodging
 + Level 2.7 Stealth
 + Level 1.4 Spellcasting
 + Level 4.3 Hexes
 + Level 0.0 Translocations


You had 2 spell levels left.
You knew the following spells:

 Your Spells              Type           Power      Damage    Failure   Level
a - Slow                  Hex            56%        N/A       4%          1
b - Portal Projectile     Hex/Tloc       14%        N/A       28%         3

Your spell library contained the following spells:

 Spells                   Type           Power      Damage    Failure   Level
 Inner Flame              Hex/Fire       7%         N/A       28%         3
 Cause Fear               Hex            7%         N/A       36%         4


Dungeon Overview and Level Annotations

Branches:
Dungeon (3/15)

Altars:


Innate Abilities, Weirdness & Mutations

You are very small and have problems with some larger weapons.
You are too small for most types of armour.
You have supernaturally acute eyesight. (SInv)
You cover ground extremely quickly. (Speed+++)


Message History

You shoot a stone. The stone barely misses the centaur.
The centaur shoots an arrow.
The arrow hits you!
You climb upwards.
There is a stone staircase leading down here.
You start resting.
Magic restored.
You start resting.
HP restored.
You climb downwards.
The centaur shoots an arrow.
The arrow barely misses you.
The centaur shoots an arrow.
The arrow barely misses you.
There is a stone staircase leading up, spattered with blood here.
Casting: Slow (safe; 4% risk of failure)
Confirm with . or Enter, or press ? or * to list all spells.
Aiming: Slow (safe; 4% risk of failure)
Press: ? - help, Shift-Dir - straight line, f - centaur
Aim: a centaur, wielding a +0 shortbow and quivering arrows (chance to affect: 53%)
The centaur resists with significant effort.
The centaur shoots an arrow.
The arrow closely misses you.
The centaur shoots an arrow.
The arrow hits you!
The centaur shoots an arrow.
The arrow barely misses you.
You climb upwards.
There is a stone staircase leading down here.
You start resting.
Magic restored.
You start resting.
HP restored.
You climb downwards.
The centaur shoots an arrow.
The arrow hits you!
There is a stone staircase leading up, spattered with blood here.
Casting: Slow (safe; 4% risk of failure)
Confirm with . or Enter, or press ? or * to list all spells.
Aiming: Slow (safe; 4% risk of failure)
Press: ? - help, Shift-Dir - straight line, f - centaur
Aim: a centaur, wielding a +0 shortbow and quivering arrows (chance to affect: 53%)
Okay, then.
Unknown command.
The centaur shoots an arrow.
The arrow hits you!
Ouch! That really hurt!
* * * LOW HITPOINT WARNING * * *
The centaur shoots an arrow.
The arrow hits you!
Ouch! That really hurt!
You die...

#..#.#<####..........### ..r
###...#.#....((........... ...
........#.#.#.[............>..
....$........c###.............
..............# ...........###
..............##.#......###
......................#.#
>...............#...###.#
#####........@.......#
##......).........
#................
#................
######..........# #.........##
#......#### #...#### #...#


You could see a centaur.

Vanquished Creatures
  An ogre (D:2)
  2 worms (D:2)
  2 orcs
  A ball python (D:2)
  6 endoplasms
  7 goblins
  6 hobgoblins
  2 jackals
  5 kobolds
  A quokka (D:2)
  4 bats
  4 frilled lizards
  7 rats
48 creatures vanquished.

Notes
Turn   | Place    | Note
-------+----------+-------------------------------------------
     0 | D:1      | Jannitor the Spriggan Arcane Marksman began the quest for
                  | the Orb.
     0 | D:1      | Reached XP level 1. HP: 9/9 MP: 3/3
   167 | D:1      | Reached skill level 1 in Fighting
   197 | D:1      | Reached XP level 2. HP: 14/14 MP: 5/5
   216 | D:1      | Reached skill level 1 in Stealth
   419 | D:1      | Found a faded altar of an unknown god.
   890 | D:2      | Reached XP level 3. HP: 18/18 MP: 6/6
  1069 | D:2      | Noticed an ogre
  1084 | D:2      | Killed an ogre
  1085 | D:2      | Reached XP level 4. HP: 22/22 MP: 7/7
  1677 | D:3      | Noticed a centaur
  1991 | D:3      | Reached XP level 5. HP: 25/25 MP: 8/8
  2006 | D:3      | Learned a level 3 spell: Portal Projectile
  2623 | D:3      | HP: 1/25 [centaur/arrow (10)]
  3195 | D:3      | HP: 1/25 [centaur/arrow (13)]
  3195 | D:3      | Shot with an arrow by a centaur

Illustrated notes

Levels and vault maps discovered:
D:1:      minmay_arrival_four_circles, layout_basic,
          chequers_ecumenical_altar_twisty
D:2:      layout_basic, minmay_split_cup_large
D:3:      layout_rooms, mainiacjoe_overflow_catch_the_wave

Skill      XL: |  1  2  3 |
---------------+----------+-----
Fighting       | 1 |  1.5
Stealth        | 1 2 |  2.7
Slings         | 3 4 |  4.2
Dodging        | 3 |  3.7
Hexes          | 4 |  4.3
Spellcasting   | |  1.4

Action                   |  1- 3 |  4- 6 || total
-------------------------+-------+-------++-------
Melee: Dagger            |       |    92 ||    92
 Fire: Hunting sling     |    84 |    35 ||   119
 Cast: Slow              |     1 |    12 ||    13
Armor: Robe              |     2 |    11 ||    13
Dodge: Dodged            |     6 |   122 ||   128

Table legend: (Time is in decaauts)
 A = Elapsed time spent in this place.
 B = Non-inter-level travel time spent in this place.
 C = Inter-level travel time spent in this place.
 D = Time resting spent in this place.
 E = Time spent auto-exploring this place.
 F = Levels seen in this place.
 G = Mean time per level.
                   A        B        C        D        E       F      G
               +--------+--------+--------+--------+--------+-----+--------+
         Total |   2643 |   2585 |     58 |   1246 |    903 |   3 |  881.0 |
       Dungeon |   2643 |   2585 |     58 |   1246 |    903 |   3 |  881.0 |
               +--------+--------+--------+--------+--------+-----+--------+

Top non-repeatable levels by time:
     D:2: 2056 daAuts
     D:1: 411 daAuts
     D:3: 175 daAuts
